 Dungeon Crawl Stone Soup version 0.25-a0-578-gc91f01c39c (webtiles) character file.

Game seed: 5397207684795530579, levelgen mode: deterministic

562 Esekla the Ducker (level 7, -2/32 HPs)
             Began as a Spriggan Artificer on Mar 6, 2020.
             Slain by an ogre
             ... wielding a +0 giant club
              (12 damage)
             ... on level 5 of the Dungeon.
             The game lasted 00:28:51 (4813 turns).

Esekla the Ducker (Spriggan Artificer)              Turns: 4813, Time: 00:28:52

Health: -2/32      AC:  2    Str:  9    XL:     7   Next: 10%
Magic:  11/11      EV: 22    Int: 14    God:
Gold:   252        SH:  0    Dex: 16    Spells: 6/6 levels left

rFire    . . .     SeeInvis +   q - +1 short sword (holy)
rCold    . . .     Gourm    .   (shield restricted)
rNeg     . . .     Faith    .   b - +0 robe
rPois    .         Spirit   .   (helmet restricted)
rElec    .         Reflect  .   (no cloak)
rCorr    .         Harm     .   (gloves unavailable)
MR       +....                  (boots unavailable)
Stlth    ++........             t - amulet of regeneration
HPRegen  0.50/turn              (no ring)
MPRegen  0.12/turn              (no ring)

@: very quick
A: very small, unfitting armour, see invisible, herbivore, speed 3, slow
metabolism 2
a: no special abilities


You were on level 5 of the Dungeon.
You were not hungry.

You visited 1 branch of the dungeon, and saw 5 of its levels.

You collected 252 gold pieces.

Inventory:

Hand Weapons
 q - a +1 short sword of holy wrath (weapon)
 x - a +0 trident
Armour
 b - a +0 robe (worn)
 u - a +0 leather armour
 y - a +0 leather armour
Jewellery
 t - an amulet of regeneration (around neck)
Wands
 c - a wand of flame (15)
 d - a wand of enslavement (15)
 e - a wand of random effects (15)
Scrolls
 g - 2 scrolls of teleportation {unknown}
 h - a scroll of amnesia {unknown}
 j - a scroll of enchant weapon {unknown}
 l - a scroll of fear
 m - a scroll of immolation {unknown}
 p - 2 scrolls of blinking {unknown}
 s - 3 scrolls of enchant armour {unknown}
 w - a scroll of identify
Potions
 a - 2 potions of might
 i - a potion of flight {unknown}
 k - 4 potions of haste
 n - 2 potions of heal wounds {unknown}
 o - 2 potions of mutation {unknown}
 r - 2 potions of curing {unknown}
 v - a potion of cancellation {unknown}
Comestibles
 f - 7 rations


   Skills:
 - Level 0.7 Fighting
 * Level 6.4 Short Blades
 * Level 7.0 Dodging
 + Level 2.9 Stealth
 - Level 4.0 Evocations


You had 6 spell levels left.
You didn't know any spells.
Your spell library was empty.

Dungeon Overview and Level Annotations

Branches:
Dungeon (5/15)
 Temple: D:4-7

Altars:
Vehumet


Innate Abilities, Weirdness & Mutations

You are very small and have problems with some larger weapons.
You are too small for most types of armour.
You have supernaturally acute eyesight. (SInv)
You are a herbivore.
You cover ground extremely quickly.
You need to consume almost no food.


Message History

You hit the phantom.
The phantom convulses.
The phantom is lightly damaged.
The phantom barely misses you.
You hit the phantom but do no damage.
The phantom is lightly damaged.
The phantom misses you.
You hit the phantom.
The phantom convulses.
The phantom is moderately damaged.
The phantom closely misses you.
You hit the phantom.
The phantom convulses.
The phantom is moderately damaged.
The phantom completely misses you.
You hit the phantom.
The phantom convulses.
The phantom is heavily damaged.
The phantom closely misses you.
You hit the ogre.
The ogre is severely wounded.
The phantom hits you.
The phantom blinks!
The ogre hits you with a +0 giant club!
You die...

###.......+.........+
##...####.........#
##..# ##.......##
##.# ##<.[..## #.#
##[..## #.# ##'## #.#
#.# #
#.########.####..#
#.#@O....>......#
#.#§#####...###§#
#.#.# #.....# #.#.#
##...#.....
#.#.######.##.#.##
#.......##.##.# #
###.###.......#
#.W......####
########......#


You could see a phantom and an ogre.

Vanquished Creatures
  An ogre (D:4)
  A scorpion (D:4)
  A crimson imp (D:5)
  A bullfrog zombie (D:5)
  3 orc priests
  2 centaur skeletons (D:4)
  An orc wizard (D:4)
  A worker ant (D:4)
  6 adders
  An ooze (D:3)
  An adder zombie (D:5)
  3 dart slugs
  A leopard gecko (D:3)
  12 orcs
  15 bats
  6 giant cockroaches
  8 goblins
  5 hobgoblins
  12 jackals
  3 kobolds
  3 quokkas
  A ball python (D:3)
  4 frilled lizards
  7 rats
99 creatures vanquished.

Notes
Turn   | Place    | Note
-------+----------+-------------------------------------------
     0 | D:1      | Esekla the Spriggan Artificer began the quest for the Orb.
     0 | D:1      | Reached XP level 1. HP: 9/9 MP: 4/4
   124 | D:1      | Reached XP level 2. HP: 7/14 MP: 6/6
   136 | D:1      | Reached skill level 4 in Dodging
   789 | D:1      | Reached XP level 3. HP: 15/17 MP: 7/7
  1389 | D:2      | Found a radiant altar of Vehumet.
  1752 | D:2      | Reached skill level 5 in Dodging
  2191 | D:2      | Reached XP level 4. HP: 15/21 MP: 8/8
  3487 | D:4      | Noticed an ogre
  3564 | D:4      | Reached XP level 5. HP: 25/25 MP: 9/9
  3644 | D:5      | Entered Level 5 of the Dungeon
  3901 | D:4      | Reached skill level 5 in Short Blades
  3901 | D:4      | Reached skill level 6 in Dodging
  3958 | D:4      | Reached XP level 6. HP: 29/29 MP: 10/10
  4485 | D:5      | Reached XP level 7. HP: 32/32 MP: 11/11
  4778 | D:5      | Reached skill level 7 in Dodging
  4813 | D:5      | Slain by an ogre

Levels and vault maps discovered:
D:1:      doesnt_arrival_eight_statues, layout_basic, minmay_3d_cube
D:2:      minmay_wonky_spiral, layout_basic, lemuel_crystal_altar, first_ration
D:3:      layout_basic, chequers_garden, minmay_misc_feat_nine_boxes
D:4:      layout_rooms, minmay_crystal_water
D:5:      layout_loops_corners, kennysheep_mini, gammafunk_ghost_mausoleum,
          corner_web_ring, lightli_corner_chamber, uniq_eustachio

Skill      XL: |  1  2  3  4  5  6  7 |
---------------+----------------------+-----
Dodging        | 4 5 6 7 |  7.0
Short Blades   | 2 3 5 6 |  6.4
Stealth        | 2 |  2.9
Fighting       | |  0.7
Evocations     | |  4.0

Action                   |  1- 3 |  4- 6 |  7- 9 || total
-------------------------+-------+-------+-------++-------
Melee: Short sword       |   169 |   266 |    36 ||   471
  Use: Scroll            |     3 |       |       ||     3
 Stab: Sleeping          |     2 |     3 |     2 ||     7
  Eat: Ration            |       |     1 |       ||     1
Armor: Robe              |    21 |    13 |     2 ||    36
Dodge: Dodged            |   151 |   214 |    22 ||   387

Table legend:
 A = Non-vault XP
 B = Vault XP
 C = Vault XP percentage of total XP
 D = Non-vault monster count
 E = Vault monster count
 F = Vault count percentage of total count
                 A         B        C        D         E       F
            +---------+---------+-------+---------+---------+-------
      Total |     798 |       5 |   0.6 |      96 |       3 |   3.0
            +---------+---------+-------+---------+---------+-------
        D:1 |      41 |       2 |   4.7 |      22 |       1 |   4.3
        D:2 |      54 |       3 |   5.3 |      17 |       2 |  10.5
        D:3 |      91 |       0 |   0.0 |      26 |       0 |   0.0
        D:4 |     480 |       0 |   0.0 |      18 |       0 |   0.0
        D:5 |     132 |       0 |   0.0 |      13 |       0 |   0.0
            +---------+---------+-------+---------+---------+-------
